 Dungeon Sprint DCSS version 0.23-a0-681-g26ad783 (webtiles) character file.

728 Lanoc the Covert (level 7, -6/55 HPs)
             Began as a Naga Enchanter on Jan 10, 2019.
             Was an Initiate of Dithmenos.
             Mangled by an orange demon (13 damage)
             ... summoned by a kobold demonologist
             ... in the Dungeon (Sprint I: "Red Sonja").
             The game lasted 00:02:32 (368 turns).

Lanoc the Covert (Naga Enchanter)                    Turns: 368, Time: 00:02:32

Health: -6/55      AC:  4    Str: 10    XL:     7   Next: 72%
Magic:  11/16      EV: 12    Int: 15    God:    Dithmenos [......]
Gold:   418        SH:  0    Dex: 14    Spells: 12/18 levels left

rFire    + . .     SeeInvis +   a - +1 dagger
rCold    . . .     Gourm    .   (no shield)
rNeg     . . .     Faith    .   k - +1 leather armour {rF+}
rPois    +         Spirit   .   (no helmet)
rElec    .         Reflect  .   (no cloak)
rCorr    .         Harm     .   (no gloves)
MR       .....     NoTele   +   (no barding)
Stlth    +++++.....             (no amulet)
HPRegen  0.18/turn              (no ring)
MPRegen  0.15/turn              (no ring)

@: very slow
A: large, see invisible, deformed body, poison resistance, slowness 2, slow
metabolism 1, spit poison 1, AC +2
a: Spit Poison, Renounce Religion


You were in the Dungeon.
You worshipped Dithmenos.
Dithmenos was noncommittal.
You were not hungry.

You visited 1 branch You collected 418 gold pieces.

Inventory:

Hand Weapons
 a - a +1 dagger (weapon)
Armour
 k - a +1 leather armour of fire resistance (worn)
Scrolls
 j - a scroll of blinking
Potions
 e - a potion of curing
 f - a potion of heal wounds
 g - a potion of haste
 h - 2 potions of magic
Comestibles
 b - 4 chunks of flesh
 d - a ration


   Skills:
 + Level 6.2 Short Blades
 + Level 5.3 Dodging
 * Level 13.6 Stealth
 + Level 6.1 Spellcasting
 * Level 9.3 Hexes


You had 12 spell levels left.
You knew the following spells:

 Your Spells              Type           Power        Failure   Level  Hunger
a - Corona                Hex            ####...      1%          1    None
b - Ensorcelled Hibernat  Hex/Ice        ###...       4%          2    #......
c - Tukima's Dance        Hex            ####....     1%          3    ##.....

Your spell library contained the following spells:

 Spells                   Type           Power        Failure   Level  Hunger
 Confuse                  Hex            ####....     1%          3    ##.....
 Dazzling Spray           Conj/Hex       ###...       9%          3    ##.....


Dungeon Overview and Level Annotations

Branches:
Dungeon (1/1)

Altars:
Cheibriados
Dithmenos
Elyvilon
Fedhas
Gozag
Hepliaklqana
Kikubaaqudgha
Makhleb
Nemelex Xobeh
Okawaru
Qazlal
Ru
Sif Muna
Trog
Uskayaw
Vehumet
Wu Jian
Xom
Yredelemnul
Zin
The Shining One
Jiyva
Lugonu

Shops:
D (


Innate Abilities, Weirdness & Mutations

You cannot wear boots.
Your serpentine skin is tough. (AC +2)
You have supernaturally acute eyesight. (SInv)
Armour fits poorly on your strangely shaped body.
Your system is resistant to poisons. (rPois)
You cover ground very slowly.
You have a slow metabolism.
You can spit poison.


Message History

Confirm with . or Enter, or press ? or * to list all spells.
Aiming: Ensorcelled Hibernation (safe; 4% risk of failure)
Press: ? - help, Shift-Dir - straight line, f - kobold demonologist, p - kobold
Aim: a kobold demonologist, wielding a +0 dagger and wearing a +0 robe (chance The kobold demonologist easily resists.
The orange demon stings you but does no damage.
The kobold demonologist barely misses you.
The kobold demonologist miscasts a cantrip.
The chaos spawn closely misses you.
You barely miss the kobold demonologist.
The orange demon barely misses you.
You barely miss the kobold demonologist.
The kobold demonologist hits you but does no damage. x2
The chaos spawn hits you! The chaos spawn freezes you!
The smoke demon gestures at you. Something smites you!
* * * LOW HITPOINT WARNING * * *
You hit the kobold demonologist but do no damage.
The orange demon stings you from afar!
You die...

#####################
[)..#.)'..#__#..@K45#
.#..'..#..'..'.4#K5.#
###'#####'#__####35.+
##..#...#.#### ####
_####..##)#
____##'#_.+
.∩..÷'..._#
..__##_.#+# ____###+#


You could see an orange demon, 2 kobold demonologists, a smoke demon, a chaos
spawn, a white imp, a shadow imp and an ufetubus.

Vanquished Creatures
  A slime creature (D)
  Sigmund (D)
  A yak (D)
  A floating eye (D)
  An ogre (D)
  A jelly (D)
  Ijyb (D)
7 creatures vanquished.

Vanquished Creatures (others)
  A gargoyle (D)
1 creature vanquished.

Grand Total: 8 creatures vanquished

Notes
Turn   | Place    | Note
-------+----------+-------------------------------------------
     0 | D        | Lanoc the Naga Enchanter began the quest for the Orb.
     0 | D        | Reached XP level 1. HP: 15/15 MP: 3/3
     1 | D        | Noticed Ijyb
    11 | D        | Killed Ijyb
    11 | D        | Reached skill level 6 in Stealth
    11 | D        | Reached XP level 2. HP: 6/22 MP: 3/5
    11 | D        | Reached XP level 3. HP: 8/28 MP: 4/7
    67 | D        | Killed a gargoyle
   227 | D        | Noticed an ogre
   232 | D        | Killed an ogre
   232 | D        | Reached skill level 8 in Stealth
   232 | D        | Reached skill level 5 in Hexes
   232 | D        | Reached XP level 4. HP: 36/36 MP: 7/9
   240 | D        | Learned a level 2 spell: Ensorcelled Hibernation
   244 | D        | Learned a level 3 spell: Tukima's Dance
   244 | D        | Noticed Sigmund
   247 | D        | Killed Sigmund
   247 | D        | Reached skill level 11 in Stealth
   247 | D        | Reached XP level 5. HP: 42/42 MP: 10/12
   247 | D        | Reached XP level 6. HP: 49/49 MP: 10/13
   283 | D        | Found a burning altar of Makhleb.
   283 | D        | Found a viscous altar of Jiyva.
   283 | D        | Found a shimmering altar of Xom.
   283 | D        | Found a corrupted altar of Lugonu.
   283 | D        | Noticed a slime creature
   286 | D        | Killed a slime creature
   286 | D        | Reached skill level 5 in Short Blades
   286 | D        | Reached skill level 12 in Stealth
   286 | D        | Reached skill level 5 in Spellcasting
   286 | D        | Reached XP level 7. HP: 55/55 MP: 13/15
   288 | D        | Found an ornate altar of the Wu Jian Council.
   288 | D        | Found a deep blue altar of Sif Muna.
   290 | D        | Found a radiant altar of Vehumet.
   311 | D        | Found Yplazxyich's Weapon Emporium.
   311 | D        | Found an ancient bone altar of Kikubaaqudgha.
   311 | D        | Found a hazy altar of Hepliaklqana.
   311 | D        | Found a stormy altar of Qazlal.
   311 | D        | Found a hide-covered altar of Uskayaw.
   311 | D        | Found a blossoming altar of Fedhas.
   311 | D        | Found a bloodstained altar of Trog.
   311 | D        | Found an iron altar of Okawaru.
   311 | D        | Found a basalt altar of Yredelemnul.
   311 | D        | Found a glowing golden altar of the Shining One.
   311 | D        | Found a snail-covered altar of Cheibriados.
   311 | D        | Found a sacrificial altar of Ru.
   311 | D        | Found a glowing silver altar of Zin.
   311 | D        | Found a shadowy altar of Dithmenos.
   311 | D        | Found a white marble altar of Elyvilon.
   311 | D        | Noticed a yak
   312 | D        | Found an opulent altar of Gozag.
   313 | D        | Killed a yak
   313 | D        | Reached skill level 5 in Dodging
   313 | D        | Reached skill level 13 in Stealth
   314 | D        | Found a sparkling altar of Nemelex Xobeh.
   322 | D        | Became a worshipper of Dithmenos the Shadowed
   350 | D        | Noticed a kobold demonologist
   353 | D        | Noticed a kobold demonologist
   356 | D        | Noticed an orange demon
   359 | D        | Paralysed by a floating eye for 2 turns
   364 | D        | Noticed a smoke demon
   365 | D        | Noticed a chaos spawn
   368 | D        | Mangled by an orange demon

Vault maps used:
D:        dungeon_sprint_1

Skill      XL: |  1  2  3  4  5  6  7 |
---------------+----------------------+-----
Short Blades   | 2 3 4 5 6 |  6.2
Dodging        | 2 3 4 5 |  5.3
Stealth        | 6 8 11 12 13 | 13.6
Hexes          | 4 5 7 8 9 |  9.3
Spellcasting   | 3 4 5 6 |  6.1

Action                   |  1- 3 |  4- 6 |  7- 9 || total
-------------------------+-------+-------+-------++-------
Melee: Dagger            |     9 |     2 |    12 ||    23
 Cast: Ensorcelled Hiber |       |       |     3 ||     3
 Abil: Spit Poison       |     2 |       |       ||     2
  Use: Potion            |     1 |       |       ||     1
 Stab: Sleeping          |     1 |     2 |     2 ||     5
Armor: Leather armour    |       |       |     2 ||     2
Dodge: Dodged            |     5 |       |     6 ||    11

Table legend:
 A = Non-vault XP
 B = Vault XP
 C = Vault XP percentage of total XP
 D = Non-vault monster count
 E = Vault monster count
 F = Vault count percentage of total count
                 A         B        C        D         E       F
            +---------+---------+-------+---------+---------+-------
      Total |       0 |    1040 | 100.0 |       0 |       7 | 100.0
            +---------+---------+-------+---------+---------+-------
          D |       0 |    1040 | 100.0 |       0 |       7 | 100.0
            +---------+---------+-------+---------+---------+-------
